 Dungeon Crawl Stone Soup version 0.21-a0-440-g28109cb (webtiles) character file.

807 slep the Slasher (level 7, -1/55 HPs)
             Began as a Demonspawn Berserker on Nov 10, 2017.
             Was an Elder of Trog.
             Slain by a sky beast (6 damage)
             ... on level 5 of the Dungeon.
             The game lasted 00:19:38 (3177 turns).

slep the Slasher (Demonspawn Berserker)             Turns: 3177, Time: 00:19:38

Health: -1/55      AC:  7    Str: 20    XL:     7   Next: 60%
Magic:  7/7        EV: 11    Int:  8    God:    Trog [****..]
Gold:   188        SH:  4    Dex: 17    Spells: 6/6 levels left

rFire    . . .     SeeInvis .   q - +0 war axe (elec)
rCold    . . .     Gourm    .   j - +0 buckler
rNeg     . . .     Faith    .   f - +0 scale mail
rPois    .         Spirit   .   (helmet restricted)
rElec    .         Reflect  .   (no cloak)
rCorr    .         Harm     .   (gloves unavailable)
MR       .....     Rnd*Tele +   (no boots)
Stlth    ..........             n - amulet of inaccuracy (curse)
HPRegen  0.18/turn              z - +3 ring of strength
MPRegen  0.10/turn              v - ring of teleportation (curse)

@: no status effects
A: antennae 1, claws 3, agile 1, sense surroundings 1, spiny 2, wild magic 1
a: Berserk, Trog's Hand, Brothers in Arms, Burn Spellbooks, Renounce Religion


You were on level 5 of the Dungeon.
You worshipped Trog.
Trog was greatly pleased with you.
You were not hungry.

You visited 1 branch of the dungeon, and saw 5 of its levels.

You collected 188 gold pieces.

Inventory:

Hand Weapons
 a - a +0 falchion
 q - a +0 war axe of electrocution (weapon)
Missiles
 F - 3 javelins (quivered)
Armour
 b - a +0 animal skin
 f - a +0 scale mail (worn)
 j - a +0 buckler (worn)
Magical Staves
 E - an uncursed staff of fire
Jewellery
 n - a cursed amulet of inaccuracy (around neck)
 o - an uncursed ring of magical power
 p - an uncursed amulet of regeneration
 s - an uncursed amulet of the gourmand {unknown}
 v - a cursed ring of teleportation (right claw)
 y - an uncursed ring of flight
 z - a +3 ring of strength (left claw)
Wands
 r - a wand of flame (33/48)
Scrolls
 g - 6 scrolls of teleportation {unknown}
 i - 3 scrolls of enchant armour {unknown}
 l - 5 scrolls of identify {unknown}
 m - a scroll of amnesia {unknown}
 u - 3 scrolls of recharging {unknown}
 x - a scroll of magic mapping {unknown}
 B - a scroll of remove curse {unknown}
Potions
 e - 2 potions of flight {unknown}
 h - a potion of lignification {unknown}
 k - 3 potions of curing {unknown}
 t - a potion of might {unknown}
 w - a potion of haste {unknown}
 A - a potion of magic {unknown}
 C - a potion of resistance {unknown}
Comestibles
 c - 2 bread rations
 d - 5 fruits
 D - a chunk of flesh


   Skills:
 + Level 4.5 Fighting
 + Level 5.2 Long Blades
 + Level 4.1 Armour
 + Level 3.7 Dodging
 + Level 0.3 Stealth
 + Level 1.7 Shields


You had 6 spell levels left.
You didn't know any spells.

Dungeon Overview and Level Annotations

Branches:
Dungeon (5/15)
 Temple: D:4-7

Altars:
Elyvilon

Shops:
D:5 *


Innate Abilities, Weirdness & Mutations

You have claws for hands.
You are mostly covered in sharp spines.
You have a pair of small antennae on your head.
You are agile. (Dex +2)
You passively map a small area around you.
Your spells are a little harder to cast, but a little more powerful.


Message History

There is an open door here.
You sense a monster nearby.
Found a stone staircase leading down.
Some of the chunks of flesh in your inventory have rotted away.
A sky beast comes into view.
The sky beast flickers out of sight!
Deactivating autopickup; reactivate with Ctrl-A.
Found a rapier.
You miss something. Something hits you. Something shocks you.
* * * LOW HITPOINT WARNING * * *
You miss something. Something hits you.
* * * LOW HITPOINT WARNING * * *
Something shocks you.
* * * LOW HITPOINT WARNING * * *
Something hits you but does no damage.
You hit something but do no damage. Something hits you but does no damage.
You completely miss something. Something hits you.
* * * LOW HITPOINT WARNING * * *
Something shocks you.
You die...

, ########...#.... ,
#.....##...#....
#..........#.... , ,
#.....###'###... ,
#.....#.....#..< ,*
####### #.....#.♣.♣.#...
, ,
....>..*#.....'..∩..'...
, ,
.......########.♣.♣.#...
,
,.......@......#.....#...
,
####..{##.....###'###...
, #... #..........#.... ,
,, ..... #.....##...#....
, #..... ########...#....
, , #...). {, ....#.... ,
,,######** ,######.... *
#........#, #......... ,
,#........# #.........


There were no monsters in sight!

Vanquished Creatures
  Sigmund (D:2)
  A sky beast (D:5)
  A phantom (D:5)
  A scorpion (D:4)
  A hound (D:4)
  5 orc wizards
  A killer bee zombie (D:4)
  7 adders
  An ooze (D:3)
  An adder skeleton (D:4)
  5 worms
  11 dart slugs
  3 leopard geckos
  18 orcs
  A ball python (D:1)
  5 giant cockroaches
  9 goblins
  9 hobgoblins
  8 jackals
  3 quokkas (D:4)
  4 bats
  2 frilled lizards
  4 kobolds
  A leopard gecko skeleton (D:4)
  8 rats
111 creatures vanquished.

Notes
Turn   | Place    | Note
-------+----------+-------------------------------------------
     0 | D:1      | slep the Demonspawn Berserker began the quest for the Orb.
     0 | D:1      | Reached XP level 1. HP: 18/18 MP: 1/1
   224 | D:1      | Gained mutation: You are partially covered in sharp spines. [demonic ancestry]
   224 | D:1      | Reached XP level 2. HP: 24/24 MP: 2/2
   443 | D:1      | Reached skill level 3 in Long Blades
   885 | D:2      | Gained mutation: You have sharp fingernails. [demonic ancestry]
   885 | D:2      | Reached XP level 3. HP: 25/29 MP: 3/3
   888 | D:2      | Reached ** piety under Trog
   895 | D:2      | Noticed Sigmund
   909 | D:2      | Killed Sigmund
   909 | D:2      | Reached skill level 4 in Long Blades
   909 | D:2      | Gained mutation: You are mostly covered in sharp spines. [demonic ancestry]
   909 | D:2      | Reached XP level 4. HP: 3/37 MP: 4/4
   909 | D:2      | Gained mutation: You have very sharp fingernails. [demonic ancestry]
   909 | D:2      | Reached XP level 5. HP: 4/42 MP: 5/5
  1195 | D:2      | Found a white marble altar of Elyvilon.
  1239 | D:2      | You fall through a shaft!
  1259 | D:3      | Gained mutation: You have claws for hands. [demonic ancestry]
  1259 | D:3      | Reached XP level 6. HP: 48/48 MP: 6/6
  1404 | D:3      | Reached *** piety under Trog
  2370 | D:4      | Reached **** piety under Trog
  2607 | D:4      | Reached skill level 1 in Shields
  2607 | D:4      | Reached XP level 7. HP: 16/55 MP: 7/7
  2798 | D:5      | Entered Level 5 of the Dungeon
  3075 | D:5      | Reached skill level 5 in Long Blades
  3079 | D:5      | Gained mutation: You are agile. (Dex +2) [mutagenic meat]
  3080 | D:5      | Gained mutation: You have a pair of small antennae on your head. [mutagenic meat]
  3081 | D:5      | Gained mutation: You passively map a small area around you. [mutagenic meat]
  3082 | D:5      | Gained mutation: Your spells are a little harder to cast, but a little more powerful. [mutagenic meat]
  3132 | D:5      | Found Itueraibb's Assorted Antiques.
  3177 | D:5      | Slain by a sky beast

Vault maps used:
D:1:      ncdulo_smallfort
D:2:      kennysheep_ying_yang, minivault_11, uniq_sigmund
D:3:      first_bread
D:4:      kennysheep_slugbush
D:5:      serial_shops, kennysheep_little_box

Skill      XL: |  1  2  3  4  5  6  7 |
---------------+----------------------+-----
Armour         | 2 3 4 |  4.1
Long Blades    | 3 4 5 |  5.2
Dodging        | 2 3 |  3.7
Fighting       | 4 |  4.5
Shields        | 1 |  1.7
Stealth        | |  0.3

Action                   |  1- 3 |  4- 6 |  7- 9 || total
-------------------------+-------+-------+-------++-------
Melee: Falchion          |    57 |   182 |    38 ||   277
       War axe           |       |       |    15 ||    15
Invok: Berserk           |       |     2 |       ||     2
  Eat: Chunk             |       |     7 |     6 ||    13
Armor: Scale mail        |    19 |    56 |    15 ||    90
Dodge: Dodged            |    31 |    68 |    19 ||   118
Block: Buckler           |     2 |    34 |     9 ||    45
       Rpst.: Falchion   |    10 |    22 |     2 ||    34

Table legend:
 A = Spawn XP
 B = Non-spawn XP
 C = Spawn XP percentage of total XP
 D = Spawn monster count
 E = Non-spawn monster count
 F = Spawn count percentage of total count
 G = Total turns spent on level
                    A         B        C        D         E        F      G
               +---------+---------+-------+---------+---------+-------+---------
         Total |       0 |    1153 |   0.0 |       0 |     111 |   0.0 |  3177
               +---------+---------+-------+---------+---------+-------+---------
           D:1 |       0 |      27 |   0.0 |       0 |      14 |   0.0 |   841
           D:2 |       0 |     343 |   0.0 |       0 |      28 |   0.0 |   398
           D:3 |       0 |     124 |   0.0 |       0 |      31 |   0.0 |   841
           D:4 |       0 |     261 |   0.0 |       0 |      30 |   0.0 |   718
           D:5 |       0 |     398 |   0.0 |       0 |       8 |   0.0 |   379
               +---------+---------+-------+---------+---------+-------+---------
